 Dungeon Crawl Stone Soup version 0.28-a0-1227-ga9037bb4c8 (webtiles) character file.

Game seed: 11620651665211386871

203 Lavandula the Changer (level 6, -4/43 HPs)
             Began as a Formicid Transmuter on Dec 22, 2021.
             Slain by a scorpion (5 damage)
             ... on level 4 of the Dungeon.
             The game lasted 00:05:22 (3776 turns).

Lavandula the Changer (Formicid Transmuter)         Turns: 3776, Time: 00:05:22

Health: -4/43      AC:  3    Str: 17    XL:     6   Next: 8%
Magic:  4/9        EV: 12    Int: 12    God:
Gold:   102        SH:  0    Dex: 11    Spells: 3/9 levels left

rFire   . . .      SeeInvis +   k - +4 falchion (freeze)
rCold   . . .      Faith    .   (no shield)
rNeg    . . .      Spirit   .   a - +0 robe
rPois   .          Reflect  .   (helmet unavailable)
rElec   .          Harm     .   (no cloak)
rCorr   .          Rampage  .   h - +0 pair of gloves
Will    .....                   (boots currently unavailable)
Stlth   +.........              (no amulet)
HPRegen 0.14/turn               (no ring)
MPRegen 0.11/turn               (no ring)

@: brilliant, appendages
A: talons 2, permanent stasis, dig shafts and tunnels, antennae 3, four strong
arms
a: Dig, Shaft Self, End Transformation


You were on level 4 of the Dungeon.
You had temporarily grown beastly talons.
You visited 1 branch of the dungeon, and saw 4 of its levels.

You collected 102 gold pieces.

Inventory:

Hand Weapons
 k - a +4 falchion of freezing (weapon)
Armour
 a - a +0 robe (worn)
 h - a +0 pair of gloves (worn)
Wands
 j - a wand of polymorph (4)
Scrolls
 b - a scroll of teleportation {unknown}
 d - 3 scrolls of identify {unknown}
 e - 3 scrolls of vulnerability {unknown}
Potions
 c - a potion of brilliance
 f - a potion of ambrosia {unknown}
 g - 3 potions of mutation {unknown}
 i - 2 potions of curing {unknown}


   Skills:
 - Level 1.1 Fighting
 - Level 1.7 Dodging
 + Level 3.2 Unarmed Combat
 - Level 2.1 Spellcasting
 - Level 5.1 Transmutations
 - Level 3.9 Poison Magic


You had 3 spell levels left.
You knew the following spells:

 Your Spells              Type           Power      Damage    Failure   Level
a - Beastly Appendage     Tmut           40%        N/A       3%          1
b - Wereblood             Tmut           20%        N/A       4%          2
c - Spider Form           Tmut/Pois      18%        N/A       12%         3

Your spell library contained the following spells:

 Spells                   Type           Power      Damage    Failure   Level
 Ice Form                 Ice/Tmut       11%        N/A       67%         4


Dungeon Overview and Level Annotations

Branches:
Dungeon (4/15)
 Temple: D:4-7

Altars:

Shops:
D:2 (


Innate Abilities, Weirdness & Mutations

You have temporarily grown beastly talons.
You cannot be hasted, slowed, berserked, paralysed or teleported.
You can dig through walls and to a lower floor.
You have a pair of large antennae on your head. (SInv)
Your four strong arms can wield two-handed weapons with a shield.


Message History

The scorpion poisons you!
Unknown command.
You hit the scorpion. You freeze the scorpion.
The scorpion is moderately wounded.
Your primal bloodlust has ended.
You feel very sick. The scorpion stings you!
Unknown command.
You hit the scorpion. You freeze the scorpion. Your kick misses the scorpion.
The scorpion is severely wounded.
You feel sick. The scorpion closely misses you. The scorpion misses you.
Unknown command.
You hit the scorpion but do no damage. You claw the scorpion.
The scorpion is almost dead.
You feel sick. The scorpion stings you.
Unknown command.
You closely miss the scorpion. Your kick misses the scorpion.
The scorpion is almost dead.
You feel sick.
An adder comes into view.
The scorpion stings you.
* * * LOW HITPOINT WARNING * * *
The scorpion stings you.
* * * LOW HITPOINT WARNING * * *
You closely miss the scorpion.
The scorpion is almost dead.
You feel sick.
You are no longer poisoned.
The adder hisses angrily.
The scorpion closely misses you. The scorpion misses you.
Unknown command.
You hit the scorpion but do no damage.
The scorpion is almost dead.
The scorpion stings you!
* * * LOW HITPOINT WARNING * * *
Unknown command.
It was a potion of brilliance.
You feel clever all of a sudden. The scorpion stings you.
You die...

...................
...................
...................
...................
...................
...................
........{..g.......
#.##########.....###
#.....@sS.......)##
..##########...)........
...............(........
###########......##.....
#<...............# .....
#.#########......# #>...
### #.###### .... #.#
### #.#


You could see a scorpion and an adder.

Vanquished Creatures
  A scorpion (D:4)
  Terence (D:3)
  4 adders
  2 worms (D:2)
  A dart slug (D:1)
  2 orcs
  4 endoplasms
  3 giant cockroaches
  2 goblins
  7 hobgoblins
  8 jackals
  9 kobolds
  2 quokkas
  7 ball pythons
  7 bats
  5 frilled lizards
  3 rats
68 creatures vanquished.

Notes
Turn   | Place    | Note
-------+----------+-------------------------------------------
     0 | D:1      | Lavandula the Formicid Transmuter began the quest for the
                  | Orb.
     0 | D:1      | Reached XP level 1. HP: 15/15 MP: 3/3
   219 | D:1      | Reached XP level 2. HP: 21/21 MP: 1/5
   235 | D:1      | Learned a level 2 spell: Wereblood
   293 | D:1      | Reached skill level 3 in Transmutations
   646 | D:1      | Found a faded altar of an unknown god.
   808 | D:1      | Reached XP level 3. HP: 26/26 MP: 3/6
  1096 | D:2      | Learned a level 3 spell: Spider Form
  1374 | D:2      | Reached skill level 4 in Transmutations
  1435 | D:2      | Reached XP level 4. HP: 32/32 MP: 0/7
  2156 | D:2      | Found Zijeuw's Antique Weapon Emporium.
  2672 | D:3      | Noticed Terence
  2687 | D:3      | Killed Terence
  2688 | D:3      | Reached skill level 5 in Transmutations
  2688 | D:3      | Reached XP level 5. HP: 37/37 MP: 5/8
  2872 | D:3      | Reached skill level 1 in Poison Magic
  3614 | D:4      | Noticed an ogre
  3694 | D:4      | Reached XP level 6. HP: 43/43 MP: 5/9
  3775 | D:4      | HP: 1/43 [scorpion (7)]
  3776 | D:4      | Slain by a scorpion

Illustrated notes

Levels and vault maps discovered:
D:1:      lightli_arrival_boilingwater, layout_basic, basic_ecumenical_altar,
          chequers_mini_garden
D:2:      layout_basic, serial_shops, shop
D:3:      layout_basic, uniq_terence
D:4:      layout_basic, minmay_ogre_servants

Skill      XL: |  1  2  3  4  5 |
---------------+----------------+-----
Transmutations | 3 4 5 |  5.1
Poison Magic   | 3 |  3.9
Fighting       | |  1.1
Dodging        | |  1.7
Unarmed Combat | |  3.2
Spellcasting   | |  2.1

Action                   |  1- 3 |  4- 6 || total
-------------------------+-------+-------++-------
Melee: Dagger            |    24 |       ||    24
       Unarmed           |    88 |    56 ||   144
       Kick              |    11 |     5 ||    16
       Falchion          |       |    38 ||    38
 Cast: Beastly Appendage |    12 |    10 ||    22
       Wereblood         |     5 |     5 ||    10
       Spider Form       |     2 |     7 ||     9
  Use: Potion            |       |     1 ||     1
 Stab: Sleeping          |     1 |       ||     1
Armor: Robe              |    31 |    14 ||    45
       Skin              |       |     7 ||     7
Dodge: Dodged            |    86 |    80 ||   166

Table legend: (Time is in decaauts)
 A = Elapsed time spent in this place.
 B = Non-inter-level travel time spent in this place.
 C = Inter-level travel time spent in this place.
 D = Time resting spent in this place.
 E = Time spent auto-exploring this place.
 F = Levels seen in this place.
 G = Mean time per level.
                   A        B        C        D        E       F      G
               +--------+--------+--------+--------+--------+-----+--------+
         Total |   3775 |   3636 |    139 |     43 |   2974 |   4 |  943.8 |
       Dungeon |   3775 |   3636 |    139 |     43 |   2974 |   4 |  943.8 |
               +--------+--------+--------+--------+--------+-----+--------+

Top non-repeatable levels by time:
     D:2: 1577 daAuts
     D:1: 1064 daAuts
     D:3: 1006 daAuts
     D:4: 126 daAuts
